 Dungeon Crawl Stone Soup version 0.31-a0-75-g6fe912e8c5 (webtiles) character file.

Game seed: 6098987956631208287

200830 Pooter the Marksminotaur (level 17, 0/150 (161) HPs)
             Began as a Minotaur Berserker on May 22, 2023.
             Was an Elder of Trog.
             Slain by an emperor scorpion (4 damage)
             ... on level 2 of the Spider Nest on May 24, 2023.
             The game lasted 03:45:15 (57743 turns).

Pooter the Marksminotaur (Minotaur Berserker)      Turns: 57743, Time: 03:45:15

HP:   0/150 (161)   AC: 27    Str: 34    XL:     17   Next: 89%
MP:   16/16         EV: 14    Int:  6    God:    Trog [****..]
Gold: 1595          SH:  9    Dex: 15    Spells: 16/16 levels left

rFire   + + .        A - +5 eveningstar (drain)
rCold   + + .        (no shield)
rNeg    . . .        W - +4 chain mail {rC+}
rPois   .            x - +2 hat of the Slightly Bent {rF+ Str+4 Dex+3}
rElec   .            P - +1 cloak {rCorr}
rCorr   +            K - +1 pair of gloves
SInv    .            U - +1 pair of boots {rampage}
Will    +....        O - amulet of reflection
Stlth   +            F - ring of Lireuv {Fly rF+ rC+ Str+4}
HPRegen 0.45/turn    X - +4 ring of slaying
MPRegen 0.15/turn

%: reflection, rampage
@: lethally poisoned (0 -> -35), on berserk cooldown, flying, slowed, studying
Staves, drained, very slow
A: horns 2, retaliatory headbutt, iridescent scales 1, large bone plates 1
}: 1/15 runes: barnacled
a: Renounce Religion, Berserk, Trog's Hand, Brothers in Arms


You were on level 2 of the Spider Nest.
You worshipped Trog.
Trog was greatly pleased with you.
You visited 6 branches of the dungeon, and saw 29 of its levels.
You also visited: Bailey and Ice Cave.

You collected 3207 gold pieces.
You spent 1612 gold pieces at shops.

Inventory:

Hand Weapons
 a - the +8 whip "Snakebite" {venom, curare, rPois}
   (You took it off Amaemon on level 2 of the Lair of Beasts)

   rPois:     It protects you from poison.
 b - a +2 heavy arbalest
   (You found it on level 5 of the Lair of Beasts)
 n - a +9 antimagic dire flail
   (Trog gifted it to you on level 1 of the Orcish Mines)
 p - a +1 heavy dire flail
   (You took it off an orc warrior on level 1 of the Orcish Mines)
 w - a +2 executioner's axe
   (You took it off Zenata on level 2 of the Orcish Mines)
 A - a +5 eveningstar of draining (weapon)
   (You acquired it on level 9 of the Dungeon)
Missiles
 o - 34 boomerangs
 r - 11 silver javelins
 B - 6 datura-tipped darts
 E - 5 silver boomerangs
 L - 44 javelins (quivered)
Armour
 x - the +2 hat of the Slightly Bent (worn) {rF+ Str+4 Dex+3}
   (You bought it in a shop on level 2 of the Shoals)

   Str:       It affects your strength (+4).
   Dex:       It affects your dexterity (+3).
   rF:        It protects you from fire.
 K - a +1 pair of gloves (worn)
   (You found it on level 11 of the Dungeon)
 P - a +1 cloak of preservation (worn)
   (You took it off Maurice on level 10 of the Dungeon)
 U - a +1 pair of boots of rampaging (worn)
   (You bought it in a shop on level 2 of the Shoals)
 W - a +4 chain mail of cold resistance (worn)
   (You took it off Urug on level 10 of the Dungeon)
Jewellery
 m - a +6 ring of dexterity
   (You found it on level 2 of the Shoals)
 C - the ring "Askufoza" {rF+ rN+ rCorr Dex-2}
   (You found it on level 5 of the Lair of Beasts)

   [ring of positive energy]

   Dex:       It affects your dexterity (-2).
   rF:        It protects you from fire.
   rN:        It protects you from negative energy.
   rCorr:     It protects you from acid and corrosion.
 F - the ring of Lireuv (left hand) {Fly rF+ rC+ Str+4}
   (You acquired it on level 1 of the Lair of Beasts)

   [ring of flight]

   Str:       It affects your strength (+4).
   rF:        It protects you from fire.
   rC:        It protects you from cold.
   Fly:       It grants you flight.
 I - a ring of protection from cold
   (You found it on level 1 of the Dungeon)
 J - the amulet "Syp Raza" {RegenMP +Inv MP+9 Str+3}
   (You found it on level 6 of the Dungeon)

   [amulet of magic regeneration]

   It increases your rate of magic regeneration.
   Str:       It affects your strength (+3).
   MP:        It affects your magic capacity (+9).
   +Inv:      It lets you turn invisible.
 O - an amulet of reflection (around neck)
   (You found it on level 9 of the Dungeon)
 S - a ring of see invisible
   (You found it on level 1 of the Dungeon)
 X - a +4 ring of slaying (right hand)
   (You found it on level 3 of the Shoals)
Wands
 d - a wand of iceblast (54)
   (You took it off Ijyb on level 3 of the Dungeon)
 f - a wand of flame (11)
   (You found it on level 5 of the Lair of Beasts)
 s - a wand of mindburst (23)
   (You bought it in a shop on level 12 of the Dungeon)
 y - a wand of charming (17)
   (You found it on level 5 of the Dungeon)
 D - a wand of digging (7)
   (You found it on level 8 of the Dungeon)
 N - a wand of light (8)
   (You found it on level 8 of the Dungeon)
Scrolls
 e - 5 scrolls of fear
 h - 2 scrolls of silence
 i - 6 scrolls of identify {@r1}
 j - 4 scrolls of butterflies
 k - 2 scrolls of blinking
 q - 3 scrolls of poison {!r}
 t - a scroll of teleportation {@r4}
 Q - a scroll of magic mapping
 R - 4 scrolls of immolation {!r}
 Z - 2 scrolls of fog
Potions
 c - 3 potions of mutation {!q}
 g - 2 potions of heal wounds {@q2}
 l - 3 potions of resistance
 u - 10 potions of curing {@q1}
 v - 3 potions of lignification {!q}
 z - 3 potions of attraction {!q}
 G - 2 potions of might
 M - 3 potions of enlightenment
 V - 5 potions of invisibility
 Y - 3 potions of haste {@q3}
Miscellaneous
 H - a piece from Xom's chessboard (15/15)
   (You found it on level 6 of the Dungeon)
 T - a box of beasts
   (You found it on level 1 of the Lair of Beasts)


   Skills:
 + Level 17.2 Fighting
 - Level 9.3(13.4) Axes
 - Level 15.2(16.1) Maces & Flails
 - Level 1.6(6.0) Polearms
 - Level 18.0 Ranged Weapons
 + Level 9.4 Throwing
 + Level 11.3 Armour
 + Level 10.4 Dodging
 + Level 8.6 Stealth
 + Level 9.5 Evocations


You had 16 spell levels left.
You didn't know any spells.
Your spell library was empty.

Dungeon Overview and Level Annotations

Branches:
Dungeon (15/15)            Temple (0/1) D:6            Lair (5/5) D:10
 Shoals (4/4) Lair:2       Spider (2/4) Lair:3        Slime (0/5) Lair:5
    Orc (2/2) D:12            Elf (1/3) Orc:2        Vaults (0/5) D:14
 Depths (0/4) D:15         Bailey (visited)           IceCv (visited)

Altars:
Elyvilon
Fedhas
Hepliaklqana
Makhleb
Nemelex Xobeh
Okawaru
Ru
Trog
Uskayaw
Xom
Jiyva

Shops:
D:12 [(*(   Orc:2 !**:   Shoals:1 *   Shoals:2 *[*(*


Innate Abilities, Weirdness & Mutations

You have a pair of horns on your head.
You reflexively headbutt those who attack you in melee.
You are partially covered in iridescent scales. (AC +2)
You are partially covered in large bone plates. (SH +4)


Message History

You feel yourself moving faster!
You feel mighty!
The emperor scorpion closely misses you.
The emperor scorpion claws you but does no damage.
You block the emperor scorpion's attack.
You pound the emperor scorpion like an anvil!!!
You drain the emperor scorpion! The emperor scorpion stings you!!
* * * LOW HITPOINT WARNING * * *
The emperor scorpion claws you.
* * * LOW HITPOINT WARNING * * *
The emperor scorpion barely misses you.
You closely miss the emperor scorpion.
You catch the helpless emperor scorpion completely off-guard!
You bludgeon the emperor scorpion!!
You feel a strong urge to attack something.
You are no longer berserk.
You are exhausted.
You feel yourself slow down.
As you read the scroll of fear, it crumbles to dust.
You assume a fearsome visage.
The emperor scorpion looks frightened!
The emperor scorpion seems to regain its courage.
You flicker for a moment.
You flicker back into view.
The emperor scorpion stings you.
* * * LOW HITPOINT WARNING * * *
You are lethally poisoned!
The emperor scorpion poisons you! The emperor scorpion barely misses you.
The emperor scorpion claws you but does no damage.
You spit the emperor scorpion like a pig!!!
Your headbutt misses the emperor scorpion.
* * * LOW HITPOINT WARNING * * *
You feel extremely sick.
The emperor scorpion stings you but does no damage.
The emperor scorpion barely misses you.
The emperor scorpion claws you but does no damage.
You feel better. The emperor scorpion stings you.
* * * LOW HITPOINT WARNING * * *
You are lethally poisoned!
The emperor scorpion poisons you!
The emperor scorpion closely misses you.
You block the emperor scorpion's attack.
The emperor scorpion barely misses you. The emperor scorpion claws you.
* * * LOW HITPOINT WARNING * * *
You block the emperor scorpion's attack.
You feel better. The emperor scorpion stings you!
* * * LOW HITPOINT WARNING * * *
You are lethally poisoned!
The emperor scorpion poisons you!
The emperor scorpion claws you but does no damage. x2
The emperor scorpion stings you.
You die...

#.#..
#...
..#.
#..
...
#.#
#.#
#@##
#s.#
#..#
#..#
#.##
#.#
#.##
#..#
.# ##
.
#..#


You could see an emperor scorpion (drained).

Vanquished Creatures
  Bai Suzhen (Shoals:3)
  Nikola (Shoals:4)
  Zenata (Orc:2)
  Gastronok (Lair:2)
  A kraken (Shoals:3)
  Polyphemus (Shoals:1)
  Donald (Spider:2)
  Ilsuiw (Shoals:4)
  2 azure jellies (Lair:5)
  Louise (D:15)
  An emperor scorpion (Spider:2)
  A reaper (IceCv)
  4 dire elephants (Lair:5)
  9 merfolk javelineers
  7 merfolk impalers
  A deep elf high priest (Orc:2)
  Josephine (D:10)
  The ghost of Strat the Unseen, a journeyman KoBr of Wu Jian (Lair:1)
  3 vault guards (D:14)
  2 catoblepae
  A jorogumo (Spider:2)
  Erica (Orc:1)
  4 alligator snapping turtles
  A death knight (D:13)
  4 merfolk avatars
  6 centaur warriors
  4 boulder beetles
  2 satyrs
  8 two-headed ogres
  9 death yaks
  8 merfolk aquamancers
  A death scarab (Spider:2)
  A vampire mage (D:15)
  2 tengu warriors
  Urug (D:10)
  4 orc high priests
  3 skysharks
  2 skeletal warriors
  Amaemon (Lair:2)
  A pharaoh ant (Lair:3)
  20 sea snakes
  A glowing orange brain (Lair:1)
  A spectral anaconda (Lair:5)
  A golden dragon zombie (D:15)
  An orb spider (Spider:1)
  A kraken simulacrum (Shoals:4)
  Pikel (D:9)
  9 harpies
  7 deep elf pyromancers
  An obsidian statue (Lair:5)
  4 necromancers
  6 steelbarb worms
  5 deep elf zephyrmancers
  4 orc knights
  An oklob plant (Lair:3)
  7 orc sorcerers (Orc:2)
  8 cyclopes
  3 wolf spiders
  9 fauns
  14 manticores
  4 ugly things
  3 stone giant skeletons (D:15)
  Maurice (D:10)
  A moth of wrath (Spider:1)
  An ice statue (IceCv)
  6 merfolk sirens
  28 elephants
  3 black mambas (Lair:4)
  11 water nymphs
  5 demonic crawlers
  3 torpor snails
  An orange demon (Lair:2)
  4 cane toads
  A gargoyle (D:13)
  3 freezing wraiths
  2 efreet
  An anaconda simulacrum (IceCv)
  2 rime drakes
  10 komodo dragons
  A guardian mummy (D:15)
  A kobold demonologist (D:14)
  4 polar bears (Lair:1)
  A hornet (shapeshifter) (D:13)
  3 meliai (Spider:1)
  10 wind drakes
  7 trolls
  30 merfolk
  8 tarantellas
  A hornet (D:5)
  Grinder (D:3)
  22 blink frogs
  10 snapping turtles
  A spectral elephant (Lair:5)
  2 dream sheep (Lair:2)
  6 culicivoras
  2 vampires
  13 slime creatures
  Sigmund (D:5)
  7 jumping spiders
  7 water elementals
  4 wraiths (D:10)
  30 yaks
  4 wyverns
  Eustachio (D:6)
  Grum (D:10)
  2 dire elephant simulacra
  7 basilisks
  14 redbacks
  3 steam dragons
  14 vampire mosquitoes
  Menkaure (D:6)
  5 wargs
  5 death yak simulacra
  A harpy simulacrum (IceCv)
  4 acid dragons
  2 spectral cane toads (Lair:5)
  12 water moccasins
  A hydra simulacrum (IceCv)
  Duvessa (D:5)
  35 orc warriors
  A sky beast (D:7)
  7 black bears
  19 wolves
  An ice beast (D:7)
  3 ogres
  24 centaurs
  2 elephant skeletons (Lair:5)
  Blork the orc (D:5)
  2 kobold brigands
  12 bullfrogs
  4 gnoll sergeants
  A scorpion (D:4)
  7 two-headed ogre simulacra
  4 cane toad simulacra
  Dowan (D:5)
  7 elephant simulacra
  24 killer bees
  5 howler monkeys
  2 electric eels
  2 hounds
  9 jellies
  21 orc priests
  A sleepcap (D:6)
  Ijyb (D:3)
  Natasha (thrice) (D:3)
  23 orc wizards
  5 spriggan simulacra
  6 troll simulacra
  2 polar bear simulacra (IceCv)
  3 wolf simulacra
  13 gnolls
  3 naga simulacra (IceCv)
  7 adders
  A shadow imp (D:5)
  9 white imps
  6 ufetubi (IceCv)
  A worm (D:3)
  2 dart slugs
  78 orcs
  6 ball pythons
  4 bats
  6 endoplasms
  3 giant cockroaches
  9 goblins
  11 hobgoblins
  3 jackals (D:5)
  13 kobolds
  A quokka (D:1)
  5 frilled lizards
  7 rats
975 creatures vanquished.

Vanquished Creatures (collateral kills)
  Lodul (D:10)
  A deep elf pyromancer (D:14)
  An orc sorcerer (Orc:2)
  A centaur simulacrum (D:14)
  2 orc warriors
  6 ogres (D:10)
  A centaur (Bailey)
  An orc priest (Orc:2)
  An orc wizard (D:10)
  3 gnolls (D:8)
  3 orcs
21 creatures vanquished.

Vanquished Creatures (others)
  A vault guard (D:14)
  An orc knight (Orc:2)
  An orc priest (D:10)
  A gnoll (D:7)
  4 tentacles (Shoals:3)
8 creatures vanquished.

Grand Total: 1004 creatures vanquished

Notes
Turn   | Place    | Note
-------+----------+-------------------------------------------
     0 | D:1      | Pooter the Minotaur Berserker began the quest for the Orb.
     0 | D:1      | Reached XP level 1. HP: 19/19 MP: 0/0
   199 | D:1      | Reached XP level 2. HP: 27/27 MP: 1/1
   244 | D:1      | Reached skill level 1 in Stealth
   645 | D:1      | Reached XP level 3. HP: 33/33 MP: 2/2
   922 | D:2      | Found a blossoming altar of Fedhas.
   999 | D:2      | Reached skill level 1 in Ranged Weapons
  1032 | D:2      | Reached ** piety under Trog
  1136 | D:2      | Reached XP level 4. HP: 40/40 MP: 3/3
  1534 | D:3      | Noticed Natasha
  1546 | D:3      | Killed Natasha
  1547 | D:3      | Reached skill level 1 in Polearms
  1573 | D:3      | Found a burning altar of Makhleb.
  1661 | D:3      | Reached skill level 2 in Ranged Weapons
  1686 | D:3      | Reached XP level 5. HP: 31/47 MP: 4/4
  1991 | D:3      | Noticed Ijyb
  2001 | D:3      | Killed Ijyb
  2002 | D:3      | Reached skill level 5 in Axes
  2067 | D:3      | Noticed Grinder
  2077 | D:3      | Paralysed by Grinder for 4 turns
  2088 | D:3      | Killed Grinder
  2089 | D:3      | Reached skill level 3 in Ranged Weapons
  2089 | D:3      | Reached XP level 6. HP: 55/55 MP: 5/5
  2178 | D:3      | Noticed Natasha
  2188 | D:3      | Killed Natasha
  2270 | D:3      | Found an iron altar of Okawaru.
  2320 | D:3      | Found a sparkling altar of Nemelex Xobeh.
  2523 | D:3      | Found a sacrificial altar of Ru.
  2637 | D:3      | Noticed Natasha
  2640 | D:3      | Killed Natasha
  2939 | D:4      | Reached skill level 5 in Fighting
  2939 | D:4      | Reached skill level 4 in Ranged Weapons
  3520 | D:5      | Entered Level 5 of the Dungeon
  3532 | D:5      | Reached XP level 7. HP: 61/61 MP: 6/6
  3593 | D:5      | Noticed Duvessa
  3593 | D:5      | Noticed Dowan
  3595 | D:5      | Killed Dowan
  3599 | D:5      | Killed Duvessa
  3839 | D:5      | Noticed Blork the orc
  3852 | D:5      | Killed Blork the orc
  3945 | D:5      | Noticed Sigmund
  3952 | D:5      | Killed Sigmund
  3953 | D:5      | Reached skill level 5 in Maces & Flails
  3953 | D:5      | Reached skill level 5 in Ranged Weapons
  4323 | D:5      | Noticed a hornet
  4328 | D:5      | Killed a hornet
  4329 | D:5      | Reached XP level 8. HP: 70/70 MP: 2/7
  4384 | D:5      | Found a hazy altar of Hepliaklqana.
  4631 | D:6      | Reached skill level 6 in Ranged Weapons
  4944 | D:6      | Found a staircase to the Ecumenical Temple.
  5018 | D:6      | Noticed Menkaure
  5023 | D:6      | Killed Menkaure
  5222 | D:6      | Found a white marble altar of Elyvilon.
  5289 | D:6      | Noticed Eustachio
  5298 | D:6      | Killed Eustachio
  5431 | D:6      | Reached skill level 7 in Ranged Weapons
  5495 | D:6      | Identified the +10 whip of the Conjuring Tiger {venom,
                  | *Slow Int+7}
  5726 | D:6      | Reached *** piety under Trog
  5740 | D:6      | Found a shimmering altar of Xom.
  5755 | D:6      | Identified the amulet "Syp Raza" {RegenMP +Inv MP+9 Str+3}
  5967 | D:7      | Reached XP level 9. HP: 78/78 MP: 5/8
  6210 | D:7      | Reached skill level 1 in Evocations
  6644 | D:8      | Identified the +0 hat of Servitude {rC+ rN+ Slay-3}
  6660 | D:8      | Noticed a two-headed ogre
  6666 | D:8      | Killed a two-headed ogre
  6667 | D:8      | Reached skill level 8 in Ranged Weapons
  7045 | D:8      | Reached XP level 10. HP: 68/88 MP: 9/9
  7270 | D:8      | Found a bloodstained altar of Trog.
  7616 | D:8      | Found a hide-covered altar of Uskayaw.
  7776 | D:9      | Identified a scroll of acquirement
  7776 | D:9      | Acquired a +2 eveningstar of draining
  7820 | D:9      | Reached skill level 9 in Ranged Weapons
  7933 | D:9      | Reached skill level 10 in Maces & Flails
  8019 | D:9      | Found a flagged portal.
  8143 | Bailey   | Entered a bailey
  8298 | Bailey   | Reached skill level 10 in Ranged Weapons
 10844 | Bailey   | Reached XP level 11. HP: 79/95 MP: 10/10
 12355 | D:9      | Noticed Pikel
 12360 | D:9      | Killed Pikel
 12971 | D:10     | Entered Level 10 of the Dungeon
 12975 | D:10     | Noticed Grum
 12991 | D:10     | Killed Grum
 13295 | D:10     | Reached skill level 11 in Ranged Weapons
 13427 | D:10     | Found a viscous altar of Jiyva.
 13542 | D:10     | Noticed Maurice
 13548 | D:10     | Killed Maurice
 14089 | D:10     | Found a staircase to the Lair.
 14097 | D:10     | Noticed Urug
 14102 | D:10     | Noticed Lodul
 14105 | D:10     | Killed Lodul
 14106 | D:10     | Reached skill level 5 in Evocations
 14125 | D:10     | Killed Urug
 14335 | D:10     | Noticed Josephine
 14339 | D:10     | Killed Josephine
 14345 | D:10     | Reached skill level 12 in Ranged Weapons
 14492 | Lair:1   | Entered Level 1 of the Lair of Beasts
 14505 | Lair:1   | Reached skill level 10 in Fighting
 14539 | Lair:1   | Identified the +3 leather armour of Ru {*Corrode Str+5
                  | Dex+4}
 14604 | Lair:1   | Reached **** piety under Trog
 14657 | Lair:1   | Reached XP level 12. HP: 106/106 MP: 11/11
 14832 | Lair:1   | Acquired the ring of Lireuv {Fly rF+ rC+ Str+4}
 15662 | Lair:1   | Found a runed translucent gate.
 15662 | Lair:1   | Found a runed translucent gate.
 15663 | Lair:1   | Found a runed translucent gate.
 15665 | Lair:1   | Noticed Strat's ghost (journeyman KoBr)
 15706 | Lair:1   | Found a viscous altar of Jiyva.
 15980 | Lair:2   | Noticed Gastronok
 16115 | Lair:2   | Killed Gastronok
 16116 | Lair:2   | Reached skill level 13 in Ranged Weapons
 16239 | Lair:2   | Found a staircase to the Shoals.
 16767 | Lair:2   | Noticed Amaemon
 16774 | Lair:2   | Killed Amaemon
 16926 | Lair:2   | Reached XP level 13. HP: 108/116 MP: 12/12
 17997 | Lair:3   | Reached skill level 15 in Maces & Flails
 17997 | Lair:3   | Reached skill level 14 in Ranged Weapons
 18513 | Lair:3   | Found a hole to the Spider Nest.
 20079 | Lair:4   | Gained mutation: Your mind is acute. (Int +4, Str/Dex -1)
                  | [potion of mutation]
 20079 | Lair:4   | Gained mutation: You have sharp toenails. [potion of
                  | mutation]
 20080 | Lair:4   | Lost mutation: Your mind is acute. (Int +4, Str/Dex -1)
                  | [potion of mutation]
 20080 | Lair:4   | Lost mutation: You have sharp toenails. [potion of
                  | mutation]
 20080 | Lair:4   | Gained mutation: You are strong-willed. (Will+) [potion of
                  | mutation]
 20080 | Lair:4   | Gained mutation: You expend magic power (3 MP) to
                  | strengthen your wands. [potion of mutation]
 20080 | Lair:4   | Gained mutation: You sometimes lose your temper in combat.
                  | [potion of mutation]
 20080 | Lair:4   | Gained mutation: You have a pair of large horns on your
                  | head. [potion of mutation]
 20081 | Lair:4   | Lost mutation: You have a pair of large horns on your head.
                  | [potion of mutation]
 20081 | Lair:4   | Lost mutation: You sometimes lose your temper in combat.
                  | [potion of mutation]
 20081 | Lair:4   | Gained mutation: You possess an exceptional clarity of
                  | mind. [potion of mutation]
 20081 | Lair:4   | Gained mutation: You are somewhat resistant to further
                  | mutation. [potion of mutation]
 20082 | Lair:4   | Lost mutation: You are strong-willed. (Will+) [potion of
                  | mutation]
 20082 | Lair:4   | Lost mutation: You possess an exceptional clarity of mind.
                  | [potion of mutation]
 20082 | Lair:4   | Lost mutation: You expend magic power (3 MP) to strengthen
                  | your wands. [potion of mutation]
 20082 | Lair:4   | Gained mutation: You sometimes lose your temper in combat.
                  | [potion of mutation]
 20083 | Lair:4   | Lost mutation: You are somewhat resistant to further
                  | mutation. [potion of mutation]
 20083 | Lair:4   | Lost mutation: You sometimes lose your temper in combat.
                  | [potion of mutation]
 20083 | Lair:4   | Gained mutation: You are partially covered in iridescent
                  | scales. (AC +2) [potion of mutation]
 20083 | Lair:4   | Gained mutation: You are partially covered in large bone
                  | plates. (SH +4) [potion of mutation]
 20116 | Lair:5   | Entered Level 5 of the Lair of Beasts
 21126 | Lair:5   | Noticed a dire elephant
 21126 | Lair:5   | Noticed a dire elephant
 21126 | Lair:5   | Noticed a dire elephant
 21126 | Lair:5   | Noticed a dire elephant
 21136 | Lair:5   | Killed a dire elephant
 21222 | Lair:5   | Reached skill level 1 in Throwing
 21348 | Lair:5   | Killed a dire elephant
 21356 | Lair:5   | Killed a dire elephant
 21359 | Lair:5   | Killed a dire elephant
 21360 | Lair:5   | Reached XP level 14. HP: 130/130 MP: 13/13
 21543 | Lair:5   | Found a runed translucent door.
 21543 | Lair:5   | Found a viscous altar of Jiyva.
 21543 | Lair:5   | Found a staircase to the Slime Pits.
 21543 | Lair:5   | Noticed an azure jelly
 21543 | Lair:5   | Noticed an azure jelly
 22383 | Lair:5   | Identified the ring "Askufoza" {rF+ rN+ rCorr Dex-2}
 24441 | D:12     | Found Heogymui's Assorted Antiques.
 24448 | D:12     | Bought a scroll of teleportation for 84 gold pieces
 24448 | D:12     | Bought a twisted fluorescent wand for 112 gold pieces
 24448 | D:12     | Bought a scroll labelled UHEZAITAVU for 28 gold pieces
 24474 | D:12     | Found a staircase to the Orcish Mines.
 24476 | D:12     | Found Duis's Antique Weapon Shop.
 24487 | D:12     | Reached skill level 5 in Armour
 24527 | D:12     | Reached ***** piety under Trog
 24605 | D:12     | Found a frozen archway.
 24647 | IceCv    | Entered an ice cave
 25219 | IceCv    | Noticed a reaper
 25242 | IceCv    | Killed a reaper
 25997 | D:12     | Found Rianla's Antique Weapon Boutique.
 25998 | D:12     | Found Pehinum's Armour Shop.
 26025 | D:12     | Reached skill level 5 in Dodging
 26594 | D:12     | Identified the +4 ring mail of the Harvest {Rampage rC-
                  | Regen+ Str+6}
 26748 | Orc:1    | Entered Level 1 of the Orcish Mines
 26860 | Orc:1    | Noticed Erica
 26868 | Orc:1    | Killed Erica
 26964 | Orc:1    | Received a gift from Trog
 27286 | Orc:2    | Entered Level 2 of the Orcish Mines
 29146 | Orc:2    | Received a gift from Trog
 29189 | Orc:2    | Paralysed by an orc sorcerer for 4 turns
 31243 | Orc:2    | Found Ible's Book Shoppe.
 31258 | Orc:2    | Paralysed by an orc sorcerer for 4 turns
 31264 | Orc:2    | Reached XP level 15. HP: 126/139 MP: 14/14
 32184 | Orc:2    | Found Kub All's Assorted Antiques.
 32192 | Orc:2    | Found Uczonkukk's Distillery.
 32198 | Orc:2    | Found Vamuma's General Store.
 32449 | Orc:2    | Bought 2 potions of invisibility for 192 gold pieces
 32449 | Orc:2    | Bought a potion of haste for 120 gold pieces
 32453 | Orc:2    | Bought a scroll of teleportation for 45 gold pieces
 32761 | Orc:2    | Found a staircase to the Elven Halls.
 32802 | D:13     | Reached skill level 15 in Ranged Weapons
 32804 | D:13     | Reached skill level 5 in Throwing
 33434 | D:13     | Reached skill level 5 in Stealth
 33935 | D:13     | Identified the +7 trident of the Swamp {freeze, Int+5}
 34598 | D:14     | Found a gate to the Vaults.
 34627 | D:14     | Reached skill level 15 in Fighting
 35446 | D:15     | Entered Level 15 of the Dungeon
 35718 | D:15     | Found a staircase to the Depths.
 36314 | D:15     | Noticed Louise
 36330 | D:15     | Killed Louise
 36704 | D:15     | Reached skill level 16 in Ranged Weapons
 37355 | D:15     | Upgraded the game from 0.31-a0-66-ge618eeaa78 to
                  | 0.31-a0-75-g6fe912e8c5
 37619 | Lair:1   | Killed Strat's ghost
 37850 | Lair:5   | Killed an azure jelly
 37853 | Lair:5   | Killed an azure jelly
 38173 | Elf:1    | Entered Level 1 of the Elven Halls
 38173 | Elf:1    | Noticed Zenata
 38459 | Elf:1    | Reached XP level 16. HP: 149/149 MP: 15/15
 38578 | Orc:2    | Killed Zenata
 39532 | Shoals:1 | Entered Level 1 of the Shoals
 40831 | Shoals:1 | Found Echumos's Assorted Antiques.
 42976 | Shoals:2 | Found Riopn's Assorted Antiques.
 42979 | Shoals:2 | Bought a brass ring for 175 gold pieces
 43934 | Shoals:2 | Noticed Polyphemus
 44100 | Shoals:1 | Killed Polyphemus
 44431 | Shoals:2 | Found Borir's Visitors' Centre.
 44432 | Shoals:2 | Found Borir's Merfolk Magic.
 44645 | Shoals:2 | Found a runed translucent door.
 44692 | Shoals:2 | Reached skill level 17 in Ranged Weapons
 45145 | Shoals:2 | Found Borir's Merfolk Armours.
 45145 | Shoals:2 | Found Borir's Merfolk Weapons.
 45174 | Shoals:2 | Bought a +1 pair of boots of rampaging for 214 gold pieces
 45174 | Shoals:2 | Bought the +2 hat of the Slightly Bent {rF+ Str+4 Dex+3}
                  | for 555 gold pieces
 46422 | Shoals:3 | Noticed a kraken
 46437 | Shoals:3 | Killed a kraken
 48000 | Shoals:4 | Entered Level 4 of the Shoals
 48036 | Shoals:4 | Noticed Nikola
 48051 | Shoals:4 | Noticed Bai Suzhen
 48070 | Shoals:3 | Reached XP level 17. HP: 159/159 MP: 16/16
 48082 | Shoals:3 | Killed Bai Suzhen
 48083 | Shoals:3 | Reached skill level 10 in Armour
 49253 | Shoals:4 | Killed Nikola
 51321 | Shoals:4 | Identified the +3 spear "Cyles" {heavy, Dex+4}
 51359 | Shoals:4 | Reached skill level 18 in Ranged Weapons
 51687 | Shoals:4 | Noticed Ilsuiw
 51703 | Shoals:4 | Killed Ilsuiw
 52066 | Orc:2    | Bought a scroll of teleportation for 87 gold pieces
 53480 | Shoals:4 | Reached skill level 10 in Dodging
 53883 | Shoals:4 | Got a barnacled rune of Zot
 54057 | Spider:1 | Entered Level 1 of the Spider Nest
 56025 | Spider:2 | Noticed Donald
 56038 | Spider:2 | Killed Donald
 57549 | Spider:2 | HP: 7/148 [poisoned by a redback]
 57743 | Spider:2 | HP: 4/150 [emperor scorpion (13)]
 57743 | Spider:2 | Slain by an emperor scorpion

Illustrated notes

Levels and vault maps discovered:
D:1:      dpeg_arrival_connections, layout_loops_ring, minmay_misc_feat_rows
D:2:      layout_loops_cross, basic_altar
D:3:      layout_basic, nicolae_overflow_crystal_walls,
          mainiacjoe_overflow_catwalk, mainiacjoe_overflow_catwalk_spiral,
          minmay_fountain_box, uniq_natasha, uniq_ijyb, uniq_grinder
D:4:      layout_basic
D:5:      layout_basic, worldfamousw_hep_ancestral_shrine, minmay_misc_feat_x,
          corexii_item_surrounded_by_moat, nrook_campfire, uniq_sigmund,
          uniq_duvessa, uniq_blork_the_orc
D:6:      layout_gridville, nicolae_elyvilon_peaceful_grove, xom_butterflies,
          minmay_temple_entry_crystal_x, uniq_menkaure, uniq_eustachio
D:7:      layout_basic
D:8:      layout_rooms, nicolae_uskayaw_dance_studio, trog_three_pillars_becter
D:9:      layout_gridville, enter_bailey_5, uniq_pikel
D:10:     layout_loops_corners, david_lair_generic, jiyva_altar_1,
          uniq_josephine, uniq_grum, uniq_urug, uniq_lodul, uniq_maurice
D:11:     layout_loops_cross
D:12:     layout_roguey, david_orc_3, serial_shops,
          nicolae_shop_tiny_statue_garden, shop_fountains, shop,
          nicolae_shop_competitors_out_of_business,
          portal_ice_cave_entry_ice_simulacra, minmay_misc_feat_tower,
          nicolae_kite_square_tiling_tiny
D:13:     layout_loops_corners
D:14:     layout_roguey, lightli_vaults_fourway_checkpoint,
          serial_co_window_serial, co_window_of_opportunity_a,
          co_window_corner_a, co_window_paths_a, co_window_of_opportunity_a,
          co_window_paths_a, co_window_of_opportunity_a, co_window_paths_a,
          co_window_corner_a, co_window_paths_a, co_window_paths_c,
          co_window_of_opportunity_b, co_window_broadway_b,
          co_window_of_opportunity_c, co_window_broadway_c, glass_columns_c,
          glass_columns_a, st_stairs_9, minivault_10
D:15:     gammafunk_depths_entry_grave, layout_loops_ring, uniq_louise
Lair:1:   beast_lair_carwin_large_1, layout_cave_pods, gammafunk_ghost_ooze,
          minivault_11
Lair:2:   layout_small_grid, nicolae_shoals_entry_roost, pond,
          serial_bayou_shore_b, uniq_gastronok, uniq_amaemon
Lair:3:   hellmonk_destroyed_diamonds, layout_loops_ring,
          nicolae_spider_entry_lesser_pyramids
Lair:4:   layout_concentric_octagons
Lair:5:   due_jungle_book, layout_regular_city, slime_entry_2,
          serial_bayou_shore_b, grunt_megastairs_3
Shoals:1: layout_shoals, serial_shops, nicolae_shop_tiny_real_fake_doors,
          centaur_isle
Shoals:2: nicolae_shoals_mermall, layout_shoals, serial_shops,
          nicolae_shop_tiny_real_fake_doors, lightli_airlock, uniq_polyphemus
Shoals:3: cheibrodos_shoals_epimethial_gifts, layout_shoals
Shoals:4: shoals_end_grunt_ice, layout_shoals, shoals_ilsuiw_ice,
          uniq_bai_suzhen, uniq_nikola
Spider:1: layout_spider_delve
Spider:2: nicolae_spider_hilbert_zone_7 [nicolae_spider_hilbert_4_sides_1_open,
          nicolae_spider_hilbert_4_sides_1_open,
          nicolae_spider_hilbert_4_sides_1_open,
          nicolae_spider_hilbert_4_sides_1_open,
          nicolae_spider_hilbert_3_sides_1_open,
          nicolae_spider_hilbert_3_sides_1_open,
          nicolae_spider_hilbert_3_sides_1_open,
          nicolae_spider_hilbert_3_sides_1_open,
          nicolae_spider_hilbert_4_sides_1_open,
          nicolae_spider_hilbert_4_sides_1_open,
          nicolae_spider_hilbert_4_sides_1_open,
          nicolae_spider_hilbert_2_sides_1_open,
          nicolae_spider_hilbert_2_sides_1_open,
          nicolae_spider_hilbert_2_sides_1_open,
          nicolae_spider_hilbert_2_sides_1_open,
          nicolae_spider_hilbert_2_sides_1_open,
          nicolae_spider_hilbert_2_sides_1_open], uniq_donald
Orc:1:    layout_caves, special_room [special_room_orc], uniq_erica
Orc:2:    st_orc_elflike, layout_caves, guppyfry_library_mini
Elf:1:    minmay_elf_arrival_circle, layout_rooms, serial_shops, shop,
          uniq_zenata

Skill      XL: |  1  2  3  4  5  6  7  8  9 10 11 12 13 14 15 16 17 |
---------------+----------------------------------------------------+-----
Axes           | 4 5 6 7 8 9 |  9.3
Stealth        | 1 2 4 6 7 8 |  8.6
Fighting       | 4 5 6 7 8 10 11 13 14 15 16 17 | 17.2
Ranged Weapons | 1 2 3 4 5 7 8 10 12 13 14 16 17 18 | 18.0
Polearms       | 1 |  1.6
Maces & Flails | 2 3 5 7 9 11 12 14 15 | 15.2
Evocations     | 2 4 5 6 9 |  9.5
Throwing       | 1 4 6 8 9 |  9.4
Armour         | 3 6 8 9 11 | 11.3
Dodging        | 3 5 7 9 10 | 10.4

Action                     |  1- 3 |  4- 6 |  7- 9 | 10-12 | 13-15 | 16-18 || total
---------------------------+-------+-------+-------+-------+-------+-------++-------
  Melee: Hand axe          |    69 |       |       |       |       |       ||    69
         Headbutt          |     9 |     5 |    19 |    98 |   239 |   121 ||   491
         Punch             |     1 |       |     1 |       |    16 |     2 ||    20
         Trident           |    11 |    23 |       |       |       |       ||    34
         Flail             |       |    23 |    29 |       |       |       ||    52
         Morningstar       |       |       |    97 |    15 |       |       ||   112
         Whip              |       |       |    40 |    74 |   299 |   105 ||   518
         Eveningstar       |       |       |       |   357 |   647 |    28 ||  1032
         Dire flail        |       |       |       |       |     4 |   337 ||   341
   Fire: Sling             |    15 |    71 |    48 |   231 |       |       ||   365
         Orcbow            |       |       |       |       |    35 |       ||    35
         Arbalest          |       |       |       |       |   354 |   376 ||   730
  Throw: Boomerang         |       |     4 |     8 |    12 |       |       ||    24
         Javelin           |       |       |     2 |    12 |    47 |    27 ||    88
         Dart              |       |       |       |     6 |       |       ||     6
 Invoke: Berserk           |       |     2 |     8 |     8 |    11 |    21 ||    50
         Trog's Hand       |       |     1 |     6 |    19 |    30 |    16 ||    72
  Evoke: Wand              |       |       |    13 |     8 |    12 |    18 ||    51
         Piece from Xom's  |       |       |       |     2 |     1 |       ||     3
         Box of beasts     |       |       |       |       |     2 |     1 ||     3
    Use: Scroll            |     1 |     2 |     5 |    18 |    15 |    10 ||    51
         Potion            |       |       |       |       |     9 |    15 ||    24
   Stab: Invisible         |       |       |       |       |     4 |     1 ||     5
         Petrified         |       |       |       |       |     3 |       ||     3
 Armour: Ring mail         |    25 |       |       |       |       |       ||    25
         Animal skin       |     1 |       |       |       |       |       ||     1
         Plate armour      |    10 |    37 |   122 |   146 |       |       ||   315
         Chain mail        |       |       |       |   112 |   413 |   311 ||   836
  Dodge: Dodged            |    40 |    16 |    66 |   164 |   330 |   338 ||   954
  Block: Buckler           |       |       |    19 |   190 |    37 |       ||   246
         Reflection        |       |       |       |     3 |    23 |    34 ||    60
         Other             |       |       |       |       |   302 |   258 ||   560

Table legend: (Time is in decaauts)
 A = Elapsed time spent in this place.
 B = Non-inter-level travel time spent in this place.
 C = Inter-level travel time spent in this place.
 D = Time resting spent in this place.
 E = Time spent auto-exploring this place.
 F = Levels seen in this place.
 G = Mean time per level.
                   A        B        C        D        E       F      G
               +--------+--------+--------+--------+--------+-----+--------+
         Total |  58380 |  56167 |   2213 |  28215 |  20565 |  31 | 1883.2 |
       Dungeon |  18724 |  17864 |    860 |   4447 |  10601 |  15 | 1248.3 |
          Lair |   9166 |   8304 |    862 |   2433 |   4666 |   5 | 1833.2 |
        Shoals |  13998 |  13753 |    245 |   9241 |   2967 |   4 | 3499.5 |
   Spider Nest |   3679 |   3667 |     12 |   2480 |    872 |   2 | 1839.5 |
  Orcish Mines |   7581 |   7350 |    231 |   5848 |    804 |   2 | 3790.5 |
   Elven Halls |     56 |     56 |      0 |      0 |      0 |   1 |   56.0 |
        Bailey |   3891 |   3891 |      0 |   3050 |    314 |   1 | 3891.0 |
      Ice Cave |   1281 |   1281 |      0 |    714 |    340 |   1 | 1281.0 |
               +--------+--------+--------+--------+--------+-----+--------+

Top non-repeatable levels by time:
   Orc:2: 6831 daAuts
Shoals:3: 4531 daAuts
  Bailey: 3891 daAuts
Shoals:4: 3731 daAuts
Shoals:1: 3011 daAuts
Shoals:2: 2724 daAuts
  Lair:2: 2533 daAuts
  Lair:5: 2514 daAuts
    D:15: 1980 daAuts
Spider:1: 1949 daAuts
    D:11: 1907 daAuts
  Lair:1: 1873 daAuts
Spider:2: 1730 daAuts
    D:10: 1631 daAuts
    D:13: 1552 daAuts
